 Dungeon Crawl Stone Soup version 0.29.1-12-g30fa7ad0bf (webtiles) character file.

Game seed: 6250284091837328964

1540 Barsook the Chopper (level 8, 0/62 HPs)
             Began as a Demonspawn Fighter on Dec 19, 2022.
             Was an Initiate of Hepliaklqana.
             Succumbed to an orc wizard's poison
             ... on level 7 of the Dungeon.
             The game lasted 00:07:30 (4638 turns).

Barsook the Chopper (Demonspawn Fighter)            Turns: 4638, Time: 00:07:30

Health: 0/62       AC: 15    Str: 19    XL:     8   Next: 56%
Magic:  8/8        EV:  5    Int: 10    God:    Hepliaklqana [......]
Gold:   289        SH:  5    Dex: 12    Spells: 7/7 levels left

rFire   . . .      SeeInvis .   a - +0 war axe
rCold   . . .      Faith    .   c - +0 buckler
rNeg    . . .      Spirit   .   k - +1 plate armour
rPois   .          Reflect  .   (no helmet)
rElec   .          Harm     .   h - +0 cloak
rCorr   .          Rampage  .   g - +0 pair of gloves
Will    .....                   (no boots)
Stlth   ..........              (no amulet)
HPRegen 0.20/turn               (no ring)
MPRegen 0.11/turn               (no ring)

@: brilliant, lethally poisoned (0 -> -9)
A: claws 1, powered by death 2, spiny 1
a: Renounce Religion


You were on level 7 of the Dungeon.
You worshipped Hepliaklqana.
Hepliaklqana was noncommittal.
You visited 2 branches of the dungeon, and saw 8 of its levels.

You collected 289 gold pieces.

Inventory:

Hand Weapons
 a - a +0 war axe (weapon)
Armour
 c - a +0 buckler (worn)
 g - a +0 pair of gloves (worn)
 h - a +0 cloak (worn)
 k - a +1 plate armour (worn)
Wands
 i - a wand of iceblast (13)
 l - a wand of flame (17)
Scrolls
 d - a scroll of blinking
 f - a scroll of identify
 j - 2 scrolls of immolation
 m - a scroll of magic mapping
 n - 2 scrolls of torment
 o - a scroll of teleportation
Potions
 b - a potion of brilliance


   Skills:
 + Level 5.1 Fighting
 + Level 7.3 Axes
 + Level 4.7 Armour
 + Level 1.1 Dodging
 + Level 1.0 Stealth
 + Level 4.3 Shields


You had 7 spell levels left.
You didn't know any spells.
Your spell library contained the following spells:

 Spells                   Type           Power      Damage    Failure   Level
 Portal Projectile        Hex/Tloc       0%         N/A       100%        3
 Tukima's Dance           Hex            0%         N/A       100%        3
 Blade Hands              Tmut           0%         N/A       100%        5


Dungeon Overview and Level Annotations

Branches:
Dungeon (7/15)             Temple (1/1) D:6

Altars:
Cheibriados
Gozag
Hepliaklqana
Kikubaaqudgha
Nemelex Xobeh
Qazlal
Sif Muna
Trog
Uskayaw
Xom
Lugonu


Innate Abilities, Weirdness & Mutations

You have sharp fingernails.
You regenerate health from kills.
You are partially covered in sharp spines.


Message History

You slash the orc warrior!
The orc warrior is almost dead.
You barely miss something.
You feel very sick. Something hits you but does no damage.
You are more poisoned.
The orc warrior is struck by your spines.
You kill the orc warrior!
You hear some strange, mumbled words.
A puff of flame appears from out of thin air!
The puff of flame hits you!
* * * LOW HITPOINT WARNING * * *
You feel very sick.
Items here: )) [ †.
There is a lethal amount of poison in your body!
There is a lethal amount of poison in your body!
There is a lethal amount of poison in your body!
You feel clever all of a sudden.
* * * LOW HITPOINT WARNING * * *
You feel very sick. You block something's attack.
There is a lethal amount of poison in your body!
Blink to where?
Press: ? - help, Q - select action, (/) - cycle Dir - move target
As you read the scroll of blinking, it crumbles to dust.
* * * LOW HITPOINT WARNING * * *
You feel very sick.
A magic dart appears from out of thin air!
The magic dart hits you.
* * * LOW HITPOINT WARNING * * *
Aiming: Throw Flame
Press: ? - help, Q - select action, (/) - cycle Shift-Dir - straight line
* * * LOW HITPOINT WARNING * * *
You feel very sick.
A magic dart appears from out of thin air!
The magic dart hits you but does no damage.
Blink to where?
Press: ? - help, Q - select action, (/) - cycle Dir - move target
As you read the scroll of blinking, it crumbles to dust.
You die...

#......# #....§.#
#......# #......#
#......# ##.....#
#.....# #.....#
...##.. #....@###+#
.......
####'##...##.......#
#...'....##.......# #
#...#....#........##.
##..##...##..........
##+##...##...##.....
#...##...##.....
#...#8.......†..
#...##........<.


There were no monsters in sight!

Vanquished Creatures
  An orc warrior (D:7)
  An ice beast (D:6)
  2 black bears
  2 ogres
  A phantom (D:6)
  2 bullfrogs
  A gnoll sergeant (D:6)
  A necrophage (D:6)
  3 scorpions
  4 hounds
  2 jellies
  An orc priest (D:6)
  An iron imp (D:4)
  Natasha (D:2)
  An iguana (D:5)
  3 gnolls (D:6)
  7 adders
  2 white imps
  An ufetubus (D:5)
  3 worms
  7 dart slugs
  9 orcs
  7 endoplasms
  3 giant cockroaches (D:1)
  8 goblins
  5 hobgoblins
  4 jackals (D:1)
  5 quokkas
  12 ball pythons
  4 bats
  4 frilled lizards
  5 kobolds
  6 rats
119 creatures vanquished.

Vanquished Creatures (others)
  2 plants (D:4)
2 creatures vanquished.

Grand Total: 121 creatures vanquished

Notes
Turn   | Place    | Note
-------+----------+-------------------------------------------
     0 | D:1      | Barsook the Demonspawn Fighter began the quest for the Orb.
     0 | D:1      | Reached XP level 1. HP: 18/18 MP: 1/1
   211 | D:1      | Gained mutation: You are partially covered in sharp spines.
                  | [demonic ancestry]
   211 | D:1      | Reached XP level 2. HP: 19/24 MP: 2/2
   644 | D:1      | Reached skill level 2 in Axes
   857 | D:1      | Found a faded altar of an unknown god.
   890 | D:1      | Gained mutation: You regenerate a little health from kills.
                  | [demonic ancestry]
   890 | D:1      | Reached XP level 3. HP: 29/29 MP: 3/3
  1385 | D:2      | Gained mutation: You have sharp fingernails. [demonic
                  | ancestry]
  1385 | D:2      | Reached XP level 4. HP: 35/35 MP: 4/4
  1602 | D:2      | Noticed Natasha
  1610 | D:2      | Killed Natasha
  1611 | D:2      | Reached skill level 3 in Axes
  1863 | D:3      | Gained mutation: You regenerate health from kills. [demonic
                  | ancestry]
  1863 | D:3      | Reached XP level 5. HP: 38/41 MP: 5/5
  2429 | D:4      | Found a hide-covered altar of Uskayaw.
  2442 | D:4      | Noticed a black bear
  2455 | D:4      | Killed a black bear
  2456 | D:4      | Reached skill level 4 in Axes
  2456 | D:4      | Reached XP level 6. HP: 30/48 MP: 6/6
  2879 | D:4      | Found a snail-covered altar of Cheibriados.
  3094 | D:5      | Entered Level 5 of the Dungeon
  3238 | D:5      | Reached skill level 5 in Axes
  3238 | D:5      | Reached XP level 7. HP: 46/54 MP: 7/7
  3297 | D:5      | Found an ancient bone altar of Kikubaaqudgha.
  3740 | D:5      | Noticed an angel
  3911 | D:6      | Reached skill level 6 in Axes
  4048 | D:6      | Reached XP level 8. HP: 51/61 MP: 0/8
  4115 | D:6      | Found a staircase to the Ecumenical Temple.
  4160 | Temple   | Entered the Ecumenical Temple
  4195 | Temple   | Became a worshipper of Hepliaklqana the Forgotten
  4319 | D:6      | Reached skill level 1 in Dodging
  4402 | D:6      | Reached skill level 7 in Axes
  4623 | D:7      | Reached skill level 5 in Fighting
  4623 | D:7      | Reached skill level 1 in Stealth
  4637 | D:7      | HP: 2/62 [poisoned by an orc wizard]
  4638 | D:7      | Succumbed to an orc wizard's poison

Illustrated notes

Levels and vault maps discovered:
D:1:      tarquinn_simple_flora_water_c, layout_basic,
          hellmonk_ecumenical_altar_lost_god, minmay_tiny_reverse_x
D:2:      layout_basic, nrook_uturn, uniq_natasha
D:3:      wander_river, layout_rooms
D:4:      layout_basic, chei_slow_surprise,
          nicolae_uskayaw_murder_on_the_dancefloor, serial_bayou_crossing
D:5:      layout_cave_pools, zin_angel, mainiacjoe_overflow_catwalk
D:6:      layout_rooms, temple_hall
D:7:      layout_gridville, chequers_hall_statues_wall_a
Temple:   corrupted_temple

Skill      XL: |  1  2  3  4  5  6  7  8 |
---------------+-------------------------+-----
Armour         | 3 4 |  4.7
Axes           | 2 3 4 5 6 7 |  7.3
Shields        | 3 4 |  4.3
Fighting       | 4 5 |  5.1
Dodging        | 1 |  1.1
Stealth        | 1 |  1.0

Action                   |  1- 3 |  4- 6 |  7- 9 || total
-------------------------+-------+-------+-------++-------
Melee: War axe           |   105 |    89 |    84 ||   278
Evoke: Wand              |       |       |     1 ||     1
  Use: Potion            |     4 |     2 |     5 ||    11
       Scroll            |     3 |     3 |     6 ||    12
Armor: Scale mail        |    63 |     4 |       ||    67
       Plate armour      |       |    81 |    83 ||   164
Dodge: Dodged            |    49 |    28 |    22 ||    99
Block: Buckler           |    33 |    30 |    28 ||    91
